 Dungeon Crawl Stone Soup version 0.28-a0-1334-g1c9ffb4daf (webtiles) character file.

Game seed: 5877571921865990615

13 Astera the Skirmisher (level 2, -1/25 HPs)
             Began as a Palentonga Fighter on Dec 28, 2021.
             Was a Follower of Wu Jian.
             Slain by an endoplasm (3 damage)
             ... on level 2 of the Dungeon.
             The game lasted 00:01:19 (356 turns).

Astera the Skirmisher (Palentonga Fighter)           Turns: 356, Time: 00:01:20

Health: -1/25      AC:  6    Str: 19    XL:     2   Next: 24%
Magic:  2/2        EV:  7    Int:  8    God:    Wu Jian [*.....]
Gold:   0          SH:  4    Dex:  9    Spells: 1/1 levels left

rFire   . . .      SeeInvis +   a - +0 war axe
rCold   . . .      Faith    .   c - +0 buckler
rNeg    . . .      Spirit   .   b - +0 scale mail
rPois   .          Reflect  .   (no helmet)
rElec   .          Harm     .   (no cloak)
rCorr   .          Rampage  .   (no gloves)
Will    .....                   (no barding)
Stlth   ..........              (no amulet)
HPRegen 0.08/turn               (no ring)
MPRegen 0.08/turn               (no ring)

@: lethally poisoned (-1 -> -6), attractive
A: large, rugged brown scales 3, see invisible, deformed body, roll 1, armoured
tail
a: Rolling Charge, Renounce Religion


You were on level 2 of the Dungeon.
You worshipped Wu Jian.
Wu Jian was aware of your devotion.
You visited 1 branch of the dungeon, and saw 2 of its levels.

Inventory:

Hand Weapons
 a - a +0 war axe (weapon)
Armour
 b - a +0 scale mail (worn)
 c - a +0 buckler (worn)
Scrolls
 e - a scroll of identify {unknown}
 f - a scroll of magic mapping {unknown}
Potions
 d - a potion of might


   Skills:
 + Level 3.2 Fighting
 + Level 2.2 Axes
 + Level 2.5 Armour
 + Level 2.6 Shields


You had one spell level left.
You didn't know any spells.
Your spell library was empty.

Dungeon Overview and Level Annotations

Branches:
Dungeon (1/15)

Altars:
Wu Jian


Innate Abilities, Weirdness & Mutations

You are completely covered in rugged brown scales. (AC +3, +7% HP)
You have supernaturally acute eyesight. (SInv)
Armour fits poorly on your strangely shaped body.
You can roll at nearby foes to attack.
You have a long armoured tail.


Message History

You are no longer poisoned.
The adder bites you but does no damage. The adder barely misses you.
You barely miss the adder.
Your tail-slap misses the adder.
The adder closely misses you. You block the adder's attack.
You miss the adder. You block the adder's attack. The adder bites you.
You barely miss the adder. The adder barely misses you.
The ball python bites you but does no damage.
You block the adder's attack.
You hit the adder.
The adder is heavily wounded.
You closely miss the ball python. The ball python closely misses you.
The adder bites you but does no damage.
An endoplasm comes into view.
You block the ball python's attack.
You miss the adder.
The adder is heavily wounded.
The endoplasm quivers.
You slash the ball python!
You kill the ball python!
The Council accepts your kill. You block the adder's attack.
The adder misses you.
You closely miss the adder.
The adder is heavily wounded.
The adder bites you but does no damage. The adder bites you.
You are poisoned.
The adder poisons you!
You miss the adder.
The adder is heavily wounded.
You feel sick. The adder bites you. The adder barely misses you.
You barely miss the adder.
The adder is heavily wounded.
You feel sick. The adder barely misses you. The adder bites you.
* * * LOW HITPOINT WARNING * * *
You are lethally poisoned!
The adder poisons you!
It was a potion of attraction.
You feel attractive to monsters.
* * * LOW HITPOINT WARNING * * *
You feel sick. The adder barely misses you. The endoplasm hits you.
You die...

..........+
...(.....#
........#
..(...>+ #
......# #. ###.
.....#...
....#+#S.....#
.......@J....#.
........†......
........#.##.#.
........#+#
#.#............
# #............
...............
...............
......#........


You could see an adder and an endoplasm.

Vanquished Creatures
  A dart slug (D:1)
  2 bats
  2 goblins (D:1)
  A kobold (D:1)
  2 ball pythons
  A frilled lizard (D:1)
  2 rats (D:1)
11 creatures vanquished.

Notes
Turn   | Place    | Note
-------+----------+-------------------------------------------
     0 | D:1      | Astera the Palentonga Fighter began the quest for the Orb.
     0 | D:1      | Reached XP level 1. HP: 19/19 MP: 1/1
    42 | D:1      | Found a faded altar of an unknown god.
    50 | D:1      | Prayed at the altar of an unknown god.
    50 | D:1      | Became a worshipper of the Wu Jian Council
    50 | D:1      | Reached * piety under Wu Jian
   258 | D:1      | Reached XP level 2. HP: 23/25 MP: 2/2
   338 | D:1      | You fall into a shaft and drop 1 floor!
   356 | D:2      | Slain by an endoplasm

Illustrated notes

Levels and vault maps discovered:
D:1:      evilmike_arrival_crescent, layout_loops_corners,
          shapermc_ecumenical_altar_totnotflames, minmay_misc_feat_tower,
          serial_bayou_pond_e
D:2:      layout_basic, uniq_terence

Action                   || total
-------------------------++-------
Melee: War axe           ||    30
       Tailslap          ||     1
Invok: Whirlwind         ||     3
 Abil: Rolling Charge    ||     8
  Use: Potion            ||     1
Armor: Scale mail        ||    11
Dodge: Dodged            ||    16
Block: Buckler           ||     6

Table legend: (Time is in decaauts)
 A = Elapsed time spent in this place.
 B = Non-inter-level travel time spent in this place.
 C = Inter-level travel time spent in this place.
 D = Time resting spent in this place.
 E = Time spent auto-exploring this place.
 F = Levels seen in this place.
 G = Mean time per level.
                   A        B        C        D        E       F      G
               +--------+--------+--------+--------+--------+-----+--------+
         Total |    368 |    368 |      0 |      0 |    257 |   2 |  184.0 |
       Dungeon |    368 |    368 |      0 |      0 |    257 |   2 |  184.0 |
               +--------+--------+--------+--------+--------+-----+--------+

Top non-repeatable levels by time:
     D:1: 344 daAuts
     D:2: 24 daAuts
